 Dungeon Crawl Stone Soup version 0.27-a0-1565-gad902ab807 (webtiles) character file.

Game seed: 3784851235905549098

25 ezpacito the Skirmisher (level 2, -3/24 HPs)
             Began as a Demonspawn Abyssal Knight on July 16, 2021.
             Was a Follower of Lugonu.
             Slain by an adder (4 damage)
             ... on level 2 of the Dungeon.
             The game lasted 00:02:34 (1937 turns).

ezpacito the Skirmisher (Demonspawn Abyssal Knight) Turns: 1937, Time: 00:02:34

Health: -3/24      AC:  3    Str: 10 (12) XL:     2   Next: 82%
Magic:  13/13      EV: 11    Int: 11 (15) God:    Lugonu [*.....]
Gold:   18         SH:  0    Dex: 10 (12) Spells: 1/1 levels left

rFire    . . .     SeeInvis .   a - +1 hand axe
rCold    . . .     Faith    .   (no shield)
rNeg     . . .     Spirit   .   k - +1 leather armour {rPois}
rPois    +         Reflect  .   (no helmet)
rElec    .         Harm     .   (no cloak)
rCorr    .         Rampage  .   (no gloves)
Will     .....     Rnd*Rage +   p - +0 pair of boots
Stlth    +.........             (no amulet)
HPRegen  0.08/turn              g - ring of magical power
MPRegen  0.13/turn              (no ring)

@: mighty, lethally poisoned (-3 -> -5)
A: big brain 1, [berserk 2], [deformed body], [deterioration 2], [no potion heal
2]
a: Renounce Religion, Depart the Abyss


You were on level 2 of the Dungeon.
You worshipped Lugonu.
Lugonu was aware of your devotion.
You visited 1 branch of the dungeon, and saw 2 of its levels.
You visited the Abyss 1 time.

You collected 18 gold pieces.

Inventory:

Hand Weapons
 a - a +1 hand axe (weapon)
 d - a +0 hunting sling
Missiles
 c - 42 stones (quivered)
Armour
 h - a +0 chain mail
 k - a +1 leather armour of poison resistance (worn)
 p - a +0 pair of boots (worn)
Jewellery
 g - a ring of magical power (left hand)
 i - a ring of fire
 n - a ring of fire
Scrolls
 b - a scroll of silence
 f - a scroll of immolation
 j - a scroll of teleportation {unknown}
 l - a scroll of magic mapping {unknown}
 m - a scroll of amnesia {unknown}


   Skills:
 + Level 3.2 Fighting
 + Level 2.0 Axes
 + Level 2.0 Armour
 + Level 1.4 Dodging
 + Level 0.2 Spellcasting
 + Level 2.8 Invocations


You had one spell level left.
You didn't know any spells.
Your spell library contained the following spells:

 Spells                   Type           Power      Damage    Failure   Level
 Magic Dart               Conj           0%         1d3       43%         1
 Call Imp                 Summ           0%         N/A       56%         2
 Mephitic Cloud           Conj/Pois/Air  0%         N/A       80%         3


Dungeon Overview and Level Annotations

Branches:
Dungeon (2/15)

Altars:


Innate Abilities, Weirdness & Mutations

You have an unusually large brain. (Int +2)
[You often lose your temper in combat.]
[Armour fits poorly on your strangely shaped body.]
[Your body often deteriorates upon taking damage.]
[Potions cannot restore your health.]


Message History

The hobgoblin closely misses you.
You closely miss the hobgoblin.
The hobgoblin is moderately wounded.
You hit the kobold. The hobgoblin hits you. The kobold closely misses you.
The hobgoblin hits you.
You closely miss the kobold.
The kobold is heavily wounded.
You closely miss the hobgoblin. The kobold barely misses you.
The adder bites you but does no damage. The hobgoblin completely misses you.
You hit the kobold.
You kill the kobold!
Lugonu accepts your kill.
You hit the hobgoblin. You miss the adder.
The adder bites you but does no damage. The hobgoblin closely misses you.
The adder bites you.
You are poisoned.
The adder poisons you!
You feel sick. The adder bites you.
Your body deteriorates!
You feel clumsy.
You see here a +2 short sword of protection.
You feel sick.
You barely miss the adder.
You feel sick.
The adder bites you but does no damage. x2
You barely miss the adder.
You feel sick. The adder misses you.
You hit the adder but do no damage.
You feel sick. The adder barely misses you. The adder closely misses you.
You miss the adder.
You feel sick.
You are no longer poisoned.
The adder bites you.
* * * LOW HITPOINT WARNING * * *
You are poisoned.
The adder poisons you!
It was a potion of might.
You feel very mighty all of a sudden.
You feel sick. The adder barely misses you. The adder bites you.
* * * LOW HITPOINT WARNING * * *
You miss the adder.
* * * LOW HITPOINT WARNING * * *
You feel sick. The adder bites you.
You die...

.....>........ #######
###<#####.##..#.......
........#.# ..#......:
..........# .........
###.....######........
........... ..........
#...####### #........
..### #..## ######
#..@# .....# #.#S#####
..##.#########.#g....#
..'............#)....#
..##.###########.....#
..##.# +.....+ ..##.#
#.....# ..##.#
+.....'. ..##.#
#.....##.


You could see an adder and a hobgoblin.

Vanquished Creatures
  2 dart slugs (D:1)
  2 ball pythons (D:1)
  A bat zombie (D:1)
  2 endoplasms (D:1)
  2 hobgoblins (D:1)
  3 kobolds
  A quokka (D:1)
  A ball python zombie (D:1)
  3 bats (D:1)
  A goblin (D:1)
  A rat (D:2)
19 creatures vanquished.

Notes
Turn   | Place    | Note
-------+----------+-------------------------------------------
     0 | Abyss:1  | ezpacito the Demonspawn Abyssal Knight began the quest for
                  | the Orb.
     0 | Abyss:1  | Reached XP level 1. HP: 18/18 MP: 2/2
    95 | Abyss:2  | Noticed a wretched star
   111 | Abyss:2  | Noticed a tentacled starspawn
   111 | Abyss:2  | Noticed an efreet
   115 | D:1      | Escaped the Abyss
   183 | D:1      | Reached skill level 1 in Dodging
   393 | D:1      | Found a faded altar of an unknown god.
   619 | D:1      | Gained mutation: You have an unusually large brain. (Int
                  | +2) [demonic ancestry]
   619 | D:1      | Reached XP level 2. HP: 20/24 MP: 3/3
  1068 | D:1      | Reached * piety under Lugonu
  1937 | D:2      | HP: 1/24 [poisoned by an adder]
  1937 | D:2      | Slain by an adder

Illustrated notes

Levels and vault maps discovered:
D:1:      saegor_arrival_fortress, layout_basic, ebering_ecumenical_altar_rust,
          minmay_misc_feat_five, minmay_pentomino_q2
D:2:      layout_basic, uniq_natasha, uniq_terence, uniq_jessica

Skill      XL: |  1  2 |
---------------+-------+-----
Dodging        | 1 |  1.4
Armour         | 2 |  2.0
Axes           | 2 |  2.0
Fighting       | |  3.2
Spellcasting   | |  0.2
Invocations    | |  2.8

Action                   || total
-------------------------++-------
Melee: Hand axe          ||    75
Throw: Stone             ||     2
Invok: Depart the Abyss  ||     1
  Use: Scroll            ||     3
       Potion            ||     3
Armor: Leather armour    ||    30
       Chain mail        ||     6
       Skin              ||     9
Dodge: Dodged            ||    66

Table legend: (Time is in decaauts)
 A = Elapsed time spent in this place.
 B = Non-inter-level travel time spent in this place.
 C = Inter-level travel time spent in this place.
 D = Time resting spent in this place.
 E = Time spent auto-exploring this place.
 F = Levels seen in this place.
 G = Mean time per level.
                   A        B        C        D        E       F      G
               +--------+--------+--------+--------+--------+-----+--------+
         Total |   1963 |   1941 |     22 |    479 |   1193 |   4 |  490.8 |
       Dungeon |   1848 |   1826 |     22 |    479 |   1139 |   2 |  924.0 |
         Abyss |    114 |    114 |      0 |      0 |     54 |   2 |   57.0 |
               +--------+--------+--------+--------+--------+-----+--------+

Top non-repeatable levels by time:
     D:1: 1723 daAuts
     D:2: 124 daAuts
 Abyss:2: 94 daAuts
 Abyss:1: 20 daAuts
